 Dungeon Crawl Stone Soup version 0.30-a0-358-g0d69a1922f (webtiles) character file.

Game seed: 9972140942329036616

10 mopl the Grasshopper (level 2, -3/22 HPs)
             Began as a Formicid Warper on Nov 10, 2022.
             Slain by a gnoll
             ... wielding a +0 club
              (4 damage)
             ... on level 1 of the Dungeon.
             The game lasted 00:00:31 (419 turns).

mopl the Grasshopper (Formicid Warper)               Turns: 419, Time: 00:00:32

Health: -3/22      AC:  4    Str: 15    XL:     2   Next: 30%
Magic:  5/5        EV: 11    Int: 12    God:
Gold:   63         SH:  0    Dex: 13    Spells: 5/5 levels left

rFire   . . .      SeeInvis +    a - +0 hand axe
rCold   . . .      Faith    .    (no shield)
rNeg    . . .      Spirit   .    b - +0 leather armour
rPois   .          Reflect  .    (helmet unavailable)
rElec   .          Harm     .    g - +0 cloak
rCorr   .          Rampage  .    (no gloves)
Will    .....                    (no boots)
Stlth   +.........               (no amulet)
HPRegen 0.23/turn                (no ring)
MPRegen 0.09/turn                (no ring)

@: no status effects
A: permanent stasis, dig shafts and tunnels, antennae 3, four strong arms
a: Dig, Shaft Self


You were on level 1 of the Dungeon.
You visited 1 branch of the dungeon, and saw 1 of its levels.

You collected 63 gold pieces.

Inventory:

Hand Weapons
 a - a +0 hand axe (weapon)
Missiles
 c - 7 boomerangs of dispersal (quivered)
Armour
 b - a +0 leather armour (worn)
 g - a +0 cloak (worn)
Scrolls
 e - a scroll of identify {unknown}
Potions
 d - a potion of attraction {unknown}
 f - a potion of might {unknown}


   Skills:
 + Level 2.3 Fighting
 * Level 2.3 Axes
 + Level 1.1 Throwing
 + Level 1.2 Armour
 + Level 1.9 Dodging
 + Level 2.2 Spellcasting
 + Level 2.7 Translocations


You had 5 spell levels left.
You didn't know any spells.
Your spell library contained the following spells:

 Spells                   Type           Power      Damage    Failure   Level
 Lesser Beckoning         Tloc           14%        N/A       32%         3
 Teleport Other           Tloc           7%         N/A       32%         3
 Vhi's Electric Charge    Tloc/Air       8%         N/A       50%         3
 Manifold Assault         Tloc           7%         N/A       71%         4
 Blink                    Tloc           Unusable   N/A       N/A         2

Dungeon Overview and Level Annotations

Branches:
Dungeon (1/15)

Altars:


Innate Abilities, Weirdness & Mutations

You cannot be hasted, slowed, berserked, paralysed or teleported.
You can dig through walls and to a lower floor.
You have a pair of large antennae on your head. (SInv)
Your four strong arms can wield two-handed weapons with a shield.


Message History

A rat comes into view.
The gnoll shouts!
The rat bites the plant.
The plant begins to die.
You hit the gnoll.
The gnoll is moderately wounded.
The gnoll closely misses you.
You closely miss the gnoll.
The gnoll is moderately wounded.
A nearby plant withers and dies.
The gnoll hits you with a +0 club. The gnoll closely misses you.
The rat bites you but does no damage.
You hit the gnoll but do no damage.
The gnoll is moderately wounded.
You closely miss the rat. The gnoll hits you with a +0 club!
The rat misses you.
You barely miss the gnoll.
The gnoll is moderately wounded.
You hit the rat.
You kill the rat!
The gnoll closely misses you.
You hit the gnoll but do no damage.
The gnoll is moderately wounded.
The gnoll closely misses you.
You closely miss the gnoll.
The gnoll is moderately wounded.
The gnoll hits you with a +0 club.
* * * LOW HITPOINT WARNING * * *
You closely miss the gnoll.
The gnoll is moderately wounded.
The gnoll hits you with a +0 club.
* * * LOW HITPOINT WARNING * * *
The gnoll hits you with a +0 club.
* * * LOW HITPOINT WARNING * * *
Unknown command.
You barely miss the gnoll.
The gnoll is moderately wounded.
The gnoll closely misses you.
You closely miss the gnoll.
The gnoll is moderately wounded.
The gnoll hits you with a +0 club.
You die...

#.# ..# #..P..P.PP.. ###
#..P.P.PPP.#
#..P.......# #...P...PP.
...P..P. #. .....
#..##.g####.#
#....@.....#
#####.###..#
################...#$.#
........................
.#################.#.##.
.# ..... .# #####. .#
.#####


You could see a gnoll.

Vanquished Creatures
  3 ball pythons (D:1)
  An endoplasm (D:1)
  A hobgoblin (D:1)
  A quokka (D:1)
  A bat (D:1)
  A goblin (D:1)
  A rat (D:1)
9 creatures vanquished.

Vanquished Creatures (others)
  A plant (D:1)
1 creature vanquished.

Grand Total: 10 creatures vanquished

Notes
Turn   | Place    | Note
-------+----------+-------------------------------------------
     0 | D:1      | mopl the Formicid Warper began the quest for the Orb.
     0 | D:1      | Reached XP level 1. HP: 16/16 MP: 3/3
   164 | D:1      | Reached XP level 2. HP: 22/22 MP: 5/5
   417 | D:1      | HP: 1/22 [gnoll/+0 club (2)]
   419 | D:1      | Slain by a gnoll

Illustrated notes

Levels and vault maps discovered:
D:1:      scummos_arrival_hexagon, layout_basic, nicolae_grassy_gnolls

Action                   || total
-------------------------++-------
Melee: Hand axe          ||    32
Armor: Leather armour    ||     9
Dodge: Dodged            ||    25

Table legend: (Time is in decaauts)
 A = Elapsed time spent in this place.
 B = Non-inter-level travel time spent in this place.
 C = Inter-level travel time spent in this place.
 D = Time resting spent in this place.
 E = Time spent auto-exploring this place.
 F = Levels seen in this place.
 G = Mean time per level.
                   A        B        C        D        E       F      G
               +--------+--------+--------+--------+--------+-----+--------+
         Total |    425 |    425 |      0 |      0 |    342 |   1 |  425.0 |
       Dungeon |    425 |    425 |      0 |      0 |    342 |   1 |  425.0 |
               +--------+--------+--------+--------+--------+-----+--------+

Top non-repeatable levels by time:
     D:1: 425 daAuts
